 Dungeon Crawl Stone Soup version 0.30-a0-1116-gebefce21f7 (webtiles) character file.

Game seed: 754205768112652473

10 roxyxy the Ruffian (level 2, -6/23 HPs)
             Began as a Draconian Transmuter on Apr 21, 2023.
             Mangled by a kobold
             ... wielding a +1 short sword of electrocution
              (15 damage)
             ... on level 1 of the Dungeon.
             The game lasted 00:14:09 (559 turns).

roxyxy the Ruffian (Draconian Transmuter)            Turns: 559, Time: 00:14:10

Health: -6/23      AC:  4    Str: 12    XL:     2   Next: 10%
Magic:  5/5        EV: 12    Int: 13    God:
Gold:   37         SH:  0    Dex: 11    Spells: 4/5 levels left

rFire   . . .      SeeInvis .      - Unarmed
rCold   . . .      Faith    .    (no shield)
rNeg    . . .      Spirit   .    (body armour unavailable)
rPois   .          Reflect  .    (helmet restricted)
rElec   .          Rampage  .    (no cloak)
rCorr   .                        (no gloves)
Will    .....                    (no boots)
Stlth   +                        (no amulet)
HPRegen 0.23/turn                (no ring)
MPRegen 0.09/turn                (no ring)

@: no status effects
A: AC +4, unfitting armour, cold-blooded
a: no special abilities


You were on level 1 of the Dungeon.
You visited 1 branch of the dungeon, and saw 1 of its levels.

You collected 37 gold pieces.

Inventory:

Hand Weapons
 b - a +0 dagger
Armour
 e - a +0 cloak
Scrolls
 d - 2 scrolls of identify
 h - a scroll of blinking
 j - a scroll of magic mapping
Potions
 a - a potion of lignification
 c - a potion of attraction {unknown}
 i - a potion of heal wounds {unknown}


   Skills:
 + Level 1.1 Fighting
 + Level 1.8 Dodging
 + Level 3.3 Unarmed Combat
 + Level 2.1 Spellcasting
 + Level 2.2 Transmutations


You had 4 spell levels left.
You knew the following spells:

 Your Spells              Type           Power      Damage    Failure   Level
a - Beastly Appendage     Tmut           14%        N/A       10%         1

Your spell library contained the following spells:

 Spells                   Type           Power      Damage    Failure   Level
 Wereblood                Tmut           7%         N/A       16%         2
 Spider Form              Tmut/Pois      4%         N/A       43%         3
 Ice Form                 Ice/Tmut       4%         N/A       85%         4


Dungeon Overview and Level Annotations

Branches:
Dungeon (1/15)

Altars:


Innate Abilities, Weirdness & Mutations

Your plain brown scales are hard. (AC +4)
You cannot fit into any form of body armour.
You are cold-blooded and may be slowed by cold attacks.


Message History

Found an escape hatch in the floor.
Unknown command.
Found 8 gold pieces.
The quokka closely misses you.
You barely miss the quokka.
Your tail-slap misses the quokka.
The quokka bites you.
You hit the quokka. Your punch misses the quokka.
The quokka is lightly wounded.
The quokka barely misses you.
Unknown command.
You miss the quokka.
The quokka is lightly wounded.
The quokka bites you.
You closely miss the quokka.
Your tail-slap misses the quokka.
The quokka is lightly wounded.
The quokka bites you.
You hit the quokka.
The quokka is moderately wounded.
The quokka barely misses you.
You hit the quokka.
The quokka is severely wounded.
The quokka bites you.
You completely miss the quokka.
The quokka is severely wounded.
The quokka bites you. The quokka bites you. x2
You miss the quokka. You tail-slap the quokka.
The quokka is almost dead.
The quokka bites you but does no damage.
You hit the quokka.
You kill the quokka!
There is an escape hatch in the floor here.
You now have 37 gold pieces (gained 8).
A kobold comes into view.
It is wielding a +1 short sword of electrocution.
The kobold shouts!
The kobold throws a stone.
The stone hits you.
The kobold hits you with a +1 short sword of electrocution.
You are electrocuted!
Ouch! That really hurt!
You die...

..................#...........
.........###......#...........
.........###...####.....#.....
.......###....# .......#....#
.......#.....#.........#..#.
......................###.
..........#........... ##
..........##.......... #..
.........@............#...
..........K......... #....
...####......r... ..... ..#
##......... .#### . #......#..
#.....## . #...... ........


You could see a kobold and a rat.

Vanquished Creatures
  2 ball pythons (D:1)
  An endoplasm (D:1)
  A giant cockroach (D:1)
  2 hobgoblins (D:1)
  A quokka (D:1)
  A bat (D:1)
  A rat (D:1)
9 creatures vanquished.

Notes
Turn   | Place    | Note
-------+----------+-------------------------------------------
     0 | D:1      | roxyxy the Draconian Transmuter began the quest for the
                  | Orb.
     0 | D:1      | Reached XP level 1. HP: 16/16 MP: 3/3
   402 | D:1      | Reached XP level 2. HP: 23/23 MP: 5/5
   559 | D:1      | Mangled by a kobold

Illustrated notes

Levels and vault maps discovered:
D:1:      psy_arrival_conway, layout_basic,
          dreamdust_ecumenical_altar_hidden_monk_grotto,
          kennysheep_decorative_pillar, minmay_stone_trees_small,
          minmay_misc_feat_chi, roderic_filled_cross

Action                     || total
---------------------------++-------
  Melee: Unarmed           ||    82
         Tailslap          ||     8
         Punch             ||     1
   Cast: Beastly Appendage ||     6
Ability: End Transformatio ||     1
    Use: Scroll            ||     5
 Armour: Skin              ||    11
  Dodge: Dodged            ||    21

Table legend: (Time is in decaauts)
 A = Elapsed time spent in this place.
 B = Non-inter-level travel time spent in this place.
 C = Inter-level travel time spent in this place.
 D = Time resting spent in this place.
 E = Time spent auto-exploring this place.
 F = Levels seen in this place.
 G = Mean time per level.
                   A        B        C        D        E       F      G
               +--------+--------+--------+--------+--------+-----+--------+
         Total |    560 |    191 |    369 |      0 |      0 |   1 |  560.0 |
       Dungeon |    560 |    191 |    369 |      0 |      0 |   1 |  560.0 |
               +--------+--------+--------+--------+--------+-----+--------+

Top non-repeatable levels by time:
     D:1: 560 daAuts
